 Dungeon Crawl Stone Soup version 0.28.0-53-g5a82cb258f (webtiles) character file.

Game seed: 14878693865655292622

2 mortz the Digger (level 1, 0/14 HPs)
             Began as a Demigod Earth Elementalist on May 31, 2022.
             Slain by a rat (1 damage)
             ... on level 1 of the Dungeon.
             The game lasted 00:01:14 (128 turns).

mortz the Digger (Demigod Earth Elementalist)        Turns: 128, Time: 00:01:15

Health: 0/14       AC:  7    Str:  9    XL:     1   Next: 26%
Magic:  5/5        EV:  8    Int: 17    God:
Gold:   16         SH:  0    Dex: 14    Spells: 2/3 levels left

rFire   . . .      SeeInvis .   (no weapon)
rCold   . . .      Faith    .   (no shield)
rNeg    . . .      Spirit   .   e - +1 scale mail {Will+}
rPois   .          Reflect  .   (no helmet)
rElec   .          Harm     .   (no cloak)
rCorr   .          Rampage  .   (no gloves)
Will    +....                   (no boots)
Stlth   +.........              (no amulet)
HPRegen 0.04/turn               (no ring)
MPRegen 0.09/turn               (no ring)

@: no status effects
A: high MP 1, forlorn, divine attributes
a: no special abilities


You were on level 1 of the Dungeon.
You visited 1 branch of the dungeon, and saw 1 of its levels.

You collected 16 gold pieces.


Innate Abilities, Weirdness & Mutations

You have an increased reservoir of magic. (+10% MP)
You shall have no god before yourself.
Your divine heritage dramatically boosts your attributes as you level up.


   Skills:
 + Level 1.7 Dodging
 + Level 1.9 Stealth
 + Level 1.7 Spellcasting
 + Level 0.8 Transmutations
 + Level 2.8 Earth Magic


You had 2 spell levels left.
You knew the following spells:

 Your Spells              Type           Power      Damage    Failure   Level
a - Sandblast             Erth           22%        2d7       50%         1

Your spell library contained the following spells:

 Spells                   Type           Power      Damage    Failure   Level
 Passwall                 Tmut/Erth      5%         N/A       77%         2
 Stone Arrow              Conj/Erth      12%        3d7       96%         3
 Petrify                  Tmut/Erth      7%         N/A       100%        4

Inventory:

Hand Weapons
 d - a +0 spear {polearm}
   (You found it on level 1 of the Dungeon)
Missiles
 c - 30 stones {throwing}
Armour
 b - a +0 robe
 e - a +1 scale mail of willpower (worn)
   (You found it on level 1 of the Dungeon)
Scrolls
 a - a scroll of summoning {unknown}
 f - a scroll of fear {unknown}

Dungeon Overview and Level Annotations

Branches:
Dungeon (1/15)

######## ##########
#......##### #......#.##
#..........# #.####..#.##
#$.....###.###.####.###.#
#..............[...## ##.
#......###.###.####.###..
#......###.# #.####..#.#.
#......r@..# #........##.
##...####### ######..###.
#..# #..###. #.# #......
#( ##.#### # #>#
#+##########.#
..........##.#
##########.#.##.#


You could see a rat.


Message History

You open the door.
There is an open door here.
You now have 16 gold pieces.
You open the door.
There is an open door here.
You open the door.
There is an open door here.
Found a stone staircase leading down.
There is a stone staircase leading down here.
d - a +0 spear {polearm}
e - a +1 scale mail of willpower You start removing your armour.
You continue taking off your +0 robe. x4
You finish taking off your +0 robe.
You start putting on your armour.
You continue putting on your +1 scale mail of willpower. x5
You finish putting on your +1 scale mail of willpower.
You feel strong-willed.
An endoplasm comes into view.
The endoplasm quivers.
You see here a scroll labelled ZIAWOPEAWE.
f - a scroll labelled ZIAWOPEAWE The endoplasm freezes you.
You are frozen. 😕 HP[-1]
You take 1 damage, and now have 13/14 hp.
Really attack while wielding nothing? [Y]es or [N]o only, please.
Really attack while wielding nothing? [Y]es or [N]o only, please.
Really attack while wielding nothing? [Y]es or [N]o only, please.
Really attack while wielding nothing? [Y]es or [N]o only, please.
Really attack while wielding nothing? [Y]es or [N]o only, please.
Really attack while wielding nothing?
You hit the endoplasm. The endoplasm freezes you.
You are frozen. 😕 HP[-1]
You take 1 damage, and now have 12/14 hp.
You hit the endoplasm.
The endoplasm hits you but does no damage.
You hit the endoplasm but do no damage. The endoplasm closely misses you.
You hit the endoplasm but do no damage.
The endoplasm hits you but does no damage.
You hit the endoplasm but do no damage.
The endoplasm hits you but does no damage.
You hit the endoplasm.
The endoplasm hits you but does no damage.
You hit the endoplasm but do no damage.
The endoplasm hits you but does no damage.
You barely miss the endoplasm. The endoplasm misses you.
You hit the endoplasm. The endoplasm closely misses you.
You hit the endoplasm.
You kill the endoplasm!
You see here a +0 leather armour.
An endoplasm comes into view.
The endoplasm quivers. 😎 HP[+2]
Your hp is fully restored (14).
A rat comes into view.
The rat moves out of view.
You barely miss the endoplasm. The endoplasm freezes you.
You are frozen. 😕 HP[-3]
You take 3 damage, and now have 11/14 hp.
MASSIVE DAMAGE!! (PAUSE)
You hit the endoplasm. The endoplasm freezes you.
You are frozen.
* * * LOW HITPOINT WARNING * * *
😨 HP[-4]
You take 4 damage, and now have 7/14 hp.
MASSIVE DAMAGE!! (PAUSE)
You barely miss the endoplasm.
The endoplasm hits you but does no damage.
You hit the endoplasm. The endoplasm freezes you.
You are frozen.
* * * LOW HITPOINT WARNING * * *
😨 HP[-1]
You take 1 damage, and now have 6/14 hp.
You hit the endoplasm. The endoplasm freezes you.
You are frozen.
* * * LOW HITPOINT WARNING * * *
😱 HP[-4]
You take 4 damage, and now have 2/14 hp.
MASSIVE DAMAGE!! (PAUSE)
You hit the endoplasm.
You kill the endoplasm!
The rat bites you but does no damage.
You hit the rat. The rat bites you.
* * * LOW HITPOINT WARNING * * *
😱 HP[-1]
You take 1 damage, and now have 1/14 hp.
You barely miss the rat. The rat bites you.
You die...

Action                   || total
-------------------------++-------
Melee: Unarmed           ||    18
Armor: Scale mail        ||     7
Dodge: Dodged            ||     3

Levels and vault maps discovered:
D:1:      matt_arrival_los_fun, layout_loops_cross,
          chequers_ecumenical_altar_twisty, bh_walls_and_bars

Notes
Turn   | Place    | Note
-------+----------+-------------------------------------------
     0 | D:1      | mortz the Demigod Earth Elementalist began the quest for
                  | the Orb.
     0 | D:1      | Reached XP level 1. HP: 14/14 MP: 5/5
     0 | D:1      | magus.rc [v1.9.6]
   125 | D:1      | HP: 2/14 [frozen (4)]
   128 | D:1      | Slain by a rat

Vanquished Creatures
  2 endoplasms (D:1)
2 creatures vanquished.

Table legend:
 A = Non-vault XP
 B = Vault XP
 C = Vault XP percentage of total XP
 D = Non-vault monster count
 E = Vault monster count
 F = Vault count percentage of total count
                 A         B        C        D         E       F
            +---------+---------+-------+---------+---------+-------
      Total |       4 |       0 |   0.0 |       2 |       0 |   0.0
            +---------+---------+-------+---------+---------+-------
        D:1 |       4 |       0 |   0.0 |       2 |       0 |   0.0
            +---------+---------+-------+---------+---------+-------

Illustrated notes

Table legend:
 A = Kills in this place as a percentage of kills in entire the game.
 B = Kills by you in this place as a percentage of kills by you in the entire game.
 C = Kills by friends in this place as a percentage of kills by friends in the entire game.
 D = Other kills in this place as a percentage of other kills in the entire game.
 E = Experience gained in this place as a percentage of experience gained in the entire game.
 F = Experience gained in this place divided by the number of levels of this place that you have seen.
                   A       B       C       D       E      F
               +-------+-------+-------+-------+-------+----------------------
         Total | 100.0 | 100.0 |   N/A |   N/A | 100.0 |   4.0
       Dungeon | 100.0 | 100.0 |   N/A |   N/A | 100.0 |   4.0
               +-------+-------+-------+-------+-------+----------------------

Table legend: (Time is in decaauts)
 A = Elapsed time spent in this place.
 B = Non-inter-level travel time spent in this place.
 C = Inter-level travel time spent in this place.
 D = Time resting spent in this place.
 E = Time spent auto-exploring this place.
 F = Levels seen in this place.
 G = Mean time per level.
                   A        B        C        D        E       F      G
               +--------+--------+--------+--------+--------+-----+--------+
         Total |    128 |    128 |      0 |      0 |     83 |   1 |  128.0 |
       Dungeon |    128 |    128 |      0 |      0 |     83 |   1 |  128.0 |
               +--------+--------+--------+--------+--------+-----+--------+

Top non-repeatable levels by time:
     D:1: 128 daAuts
